 Dungeon Crawl Stone Soup version 0.22.0-25-g7663229 (webtiles) character file.

89 NormalPerson7T the Ruffian (level 4, -4/40 HPs)
             Began as a Ghoul Berserker on Aug 20, 2018.
             Was a Believer of Trog.
             Slain by an ogre
             ... wielding a +0 giant club
              (23 damage)
             ... on level 3 of the Dungeon.
             The game lasted 00:02:22 (1882 turns).

NormalPerson7T the Ruffian (Ghoul Berserker)        Turns: 1882, Time: 00:02:24

Health: -4/40      AC: 15    Str: 20    XL:     4   Next: 55%
Magic:  3/3        EV:  2    Int:  3    God:    Trog [**....]
Gold:   59         SH:  0    Dex:  8    Spells: 3/3 levels left

rFire    . . .     SeeInvis .     - Unarmed
rCold    + . .     Gourm    .   (no shield)
rNeg     + + +     Faith    .   k - +0 crystal plate armour
rPois    ∞         Spirit   .   (no helmet)
rElec    .         Reflect  .   (no cloak)
rCorr    .         Harm     .   (no gloves)
MR       ++...                  (no boots)
Stlth    ..........             (no amulet)
HPRegen  1.00/turn              (no ring)
MPRegen  0.08/turn              (no ring)

@: regenerating, rotting
A: rotting body, claws 1, carnivore, cold resistance 1, negative energy
resistance 3, inhibited regeneration, torment resistance, unbreathing
a: Trog's Hand, Renounce Religion


You were on level 3 of the Dungeon.
You worshipped Trog.
Trog was pleased with you.
You were not hungry.

You visited 1 branch of the dungeon, and saw 3 of its levels.

You collected 59 gold pieces.

Inventory:

Armour
 a - a +0 animal skin
 d - a +0 ring mail
 k - a +0 crystal plate armour (worn)
Scrolls
 e - a scroll of blinking {unknown}
 f - a scroll of random uselessness {unknown}
 g - 4 scrolls of identify {unknown}
 h - 2 scrolls of teleportation {unknown}
 m - 2 scrolls of enchant armour {unknown}
Potions
 c - a potion of curing
 j - 2 potions of agility
 l - a potion of degeneration {unknown}
 n - a potion of ambrosia {unknown}
 o - a potion of cancellation {unknown}
 p - a potion of heal wounds {unknown}
Comestibles
 b - 3 rations
 i - 6 chunks of flesh


   Skills:
 + Level 4.2 Fighting
 - Level 1.7 Armour
 - Level 1.7 Dodging
 * Level 5.0 Unarmed Combat


You had 3 spell levels left.
You didn't know any spells.
Your spell library was empty.

Dungeon Overview and Level Annotations

Branches:
Dungeon (3/15)

Altars:


Innate Abilities, Weirdness & Mutations

Your body is rotting away.
You thrive on raw meat.
You are immune to poison.
You have sharp fingernails.
You are carnivorous and can eat meat at any time.
Your flesh is cold resistant. (rC+)
You are immune to negative energy. (rN+++)
You do not regenerate when monsters are visible.
You are immune to unholy pain and torment.
You can survive without breathing.


Message History

* * * LOW HITPOINT WARNING * * *
Unknown command.
Unknown command.
You aren't carrying any items that you can evoke.
Unknown command.
Unknown command.
Unknown command.
You see here a leather armour.
You aren't carrying any items that you can evoke.
It was a potion of curing.
You feel better.
c - a potion of curing;
i - 6 chunks of flesh Unknown command.
Unknown command.
Unknown command.
Unknown command.
Your skin crawls.
You feel resistant to hostile enchantments.
You feel somewhat more hungry. The ogre hits you with a giant club!!
Ouch! That really hurt!
You die...

#.# ########.#
#........#
#.######## .# #.#
.# #.# .# #.# .#
#O# .# #@# .###
#.#
.#.#############.#
.................#
.#.###############
.#.# ##.# #.# ##.#


You could see an ogre.

Vanquished Creatures
  An orc wizard (D:3)
  An adder (D:3)
  2 dart slugs (D:1)
  3 leopard geckos (D:1)
  3 orcs (D:3)
  2 giant cockroaches (D:1)
  5 hobgoblins
  9 jackals
  2 kobolds
  A ball python (D:2)
  A bat (D:2)
  4 frilled lizards
  2 goblins
  4 rats
40 creatures vanquished.

Notes
Turn   | Place    | Note
-------+----------+-------------------------------------------
     0 | D:1      | NormalPerson7T the Ghoul Berserker began the quest for the Orb.
     0 | D:1      | Reached XP level 1. HP: 19/19 MP: 0/0
   215 | D:1      | Reached XP level 2. HP: 23/26 MP: 1/1
   361 | D:1      | Reached skill level 4 in Unarmed Combat
   401 | D:1      | Reached XP level 3. HP: 31/33 MP: 2/2
  1034 | D:2      | Reached ** piety under Trog
  1776 | D:3      | Reached XP level 4. HP: 33/37 MP: 3/3
  1781 | D:3      | Reached skill level 5 in Unarmed Combat
  1849 | D:3      | Noticed an ogre
  1882 | D:3      | Slain by an ogre

Skill      XL: |  1  2  3  4 |
---------------+-------------+-----
Unarmed Combat | 4 5 |  5.0
Fighting       | 4 |  4.2
Armour         | |  1.7
Dodging        | |  1.7

Action                   |  1- 3 |  4- 6 || total
-------------------------+-------+-------++-------
Melee: Unarmed           |   134 |    11 ||   145
Invok: Trog's Hand       |       |     2 ||     2
  Use: Potion            |     1 |     1 ||     2
 Stab: Sleeping          |     1 |       ||     1
  Eat: Chunk             |     4 |     3 ||     7
Armor: Animal skin       |     6 |       ||     6
       Crystal plate arm |    44 |     4 ||    48
       Ring mail         |     5 |       ||     5
Dodge: Dodged            |    44 |       ||    44
